 Dungeon Crawl Stone Soup version 0.18-a0-1390-gc02854d (webtiles) character file.

168 Kidiri the Conjurer (level 5, -3/28 HPs)
             Began as a Deep Elf Conjurer on Feb 22, 2016.
             Killed from afar by Natasha (9 damage)
             ... with a magic dart
             ... on level 2 of the Dungeon.
             The game lasted 00:06:46 (1760 turns).

Kidiri the Conjurer (Deep Elf Conjurer)             Turns: 1760, Time: 00:06:46

Health: -3/28      AC:  3    Str:  5    XL:     5   Next: 23%
Magic:  4/13       EV: 12    Int: 21    God:
Gold:   51         SH:  0    Dex: 15    Spells: 4 memorised, 2 levels left

rFire  . . .     SeeInvis .     l - +0 short sword
rCold  . . .     Gourm    .     o - +0 leather armour
rNeg   . . .     Faith    .     (no shield)
rPois  .         Spirit   .     (no helmet)
rElec  .         Dismiss  .     (no cloak)
rCorr  .         Reflect  .     (no gloves)
SustAt .         Harm     .     (no boots)
MR     .....                    (no amulet)
Stlth  ++........               (no ring)
                                (no ring)

@: very slightly contaminated, not resistant to hostile enchantments, unstealthy
A: no striking features
a: no special abilities


You were on level 2 of the Dungeon.
You were not hungry.

You visited 1 branch of the dungeon, and saw 2 of its levels.

You collected 51 gold pieces.

Inventory:

Hand Weapons
 e - a +0 dagger
 l - a +0 short sword (weapon)
Armour
 o - a +0 leather armour (worn)
Scrolls
 d - a scroll of blinking {unknown}
 f - a scroll of teleportation {unknown}
 h - a scroll of amnesia {unknown}
 m - a scroll of identify {unknown}
 n - a scroll of enchant weapon {unknown}
Potions
 i - a potion of degeneration {unknown}
 j - a potion of invisibility {unknown}
 k - a potion of haste {unknown}
 p - 2 potions of might {unknown}
Books
 b - a book of Conjurations

   Spells                             Type                      Level
   a - Magic Dart                     Conjuration                  1
   b - Searing Ray                    Conjuration                  2
   c - Dazzling Spray                 Conjuration/Hexes            3
   d - Fulminant Prism                Conjuration/Hexes            4
   e - Iskenderun's Mystic Blast      Conjuration                  4
   f - Iskenderun's Battlesphere      Conjuration/Charms           5
Comestibles
 c - 2 bread rations
 g - 3 chunks of flesh


   Skills:
 + Level 0.5 Fighting
 + Level 1.6 Short Blades
 + Level 0.8 Armour
 * Level 3.3 Dodging
 + Level 3.1 Stealth
 * Level 4.1 Spellcasting
 * Level 5.2 Conjurations
 + Level 1.3 Hexes


You had 2 spell levels left.
You knew the following spells:

 Your Spells              Type           Power        Failure   Level  Hunger
a - Magic Dart            Conj           ####         2%          1    None
b - Searing Ray           Conj           ####..       3%          2    #......
c - Dazzling Spray        Conj/Hex       ###.....     17%         3    ###....
d - Iskenderun's Mystic   Conj           ####....     24%         4    ####...


Dungeon Overview and Level Annotations

Branches:
Dungeon (2/15)

Altars:

Annotations:
D:2 Natasha


Message History

The magic dart hits you!
Casting: Dazzling Spray
Confirm with . or Enter, or press ? or * to list all spells.
Aiming: Magic Dart
Press: ? - help, Shift-Dir - straight line, f/p - Natasha
Aim: Natasha (moderately wounded)
The magic dart hits Natasha.
Natasha is moderately wounded.
Natasha claws you.
* * * LOW HITPOINT WARNING * * *
Natasha mumbles some strange words.
Natasha stares at you and mumbles some strange words.
You resist with some effort.
Natasha casts a spell.
Natasha casts a spell.
Natasha howls an incantation.
Natasha glows brightly for a moment.
Natasha stares at you and mumbles some strange words.
The magic dart hits you!
You die...

#.# #.#
.# #h# .#
#.# .#
#5#######
.#
#.......#
.#
#######.#
.#
#.#####.#
#...h.@.#
#########


You could see Natasha.

Vanquished Creatures
  Natasha (D:2)
  Ijyb (D:2)
  A gnoll (D:1)
  7 adders (D:2)
  A worm (D:2)
  A dart slug (D:2)
  2 giant geckos (D:1)
  A ball python (D:1)
  2 giant cockroaches
  5 goblins
  7 hobgoblins
  4 jackals (D:2)
  6 bats
  4 giant newts
  4 rats
47 creatures vanquished.

Notes
Turn   | Place    | Note
--------------------------------------------------------------
     0 | D:1      | Kidiri the Deep Elf Conjurer began the quest for the Orb.
     0 | D:1      | Reached XP level 1. HP: 10/10 MP: 6/6
   145 | D:1      | Reached XP level 2. HP: 10/15 MP: 4/8
   153 | D:1      | Learned a level 2 spell: Searing Ray
   645 | D:1      | Reached XP level 3. HP: 13/19 MP: 7/9
   650 | D:1      | Learned a level 3 spell: Dazzling Spray
  1120 | D:2      | Noticed Ijyb
  1126 | D:2      | Killed Ijyb
  1126 | D:2      | Reached skill level 1 in Short Blades
  1126 | D:2      | Reached XP level 4. HP: 24/24 MP: 3/11
  1132 | D:2      | Learned a level 4 spell: Iskenderun's Mystic Blast
  1287 | D:2      | Reached skill level 1 in Hexes
  1289 | D:2      | Reached skill level 5 in Conjurations
  1606 | D:2      | Reached XP level 5. HP: 28/28 MP: 6/13
  1634 | D:2      | Noticed Natasha
  1660 | D:2      | Killed Natasha
  1731 | D:2      | Noticed Natasha
  1760 | D:2      | Killed from afar by Natasha

Vault maps used:
D:1:      dpeg_arrival_rooms_c, serial_bayou_pond_c
D:2:      forest_paths, uniq_natasha, uniq_robin, uniq_iyjb

Skill      XL: |  1  2  3  4 |
---------------+-------------+-----
Stealth        | 3 |  3.1
Dodging        | 3 |  3.3
Short Blades   | 1 |  1.6
Hexes          | 1 |  1.3
Conjurations   | 5 |  5.2
Spellcasting   | 4 |  4.1
Fighting       | |  0.5
Armour         | |  0.8

Action                   |  1- 3 |  4- 6 || total
-------------------------+-------+-------++-------
Melee: Dagger            |    12 |       ||    12
       Short sword       |     7 |    15 ||    22
 Cast: Magic Dart        |    51 |    36 ||    87
       Dazzling Spray    |       |     4 ||     4
  Use: Potion            |       |     1 ||     1
 Stab: Sleeping          |     7 |       ||     7
       Invisible         |       |     1 ||     1
  Eat: Chunk             |     1 |     2 ||     3
